 Dungeon Crawl Stone Soup version 0.31-a0-237-g2d982f9f85 (webtiles) character file.

Game seed: 525306353621552794

349 Demosthentine the Poker (level 6, 0/45 (48) HPs)
             Began as a Demonspawn Gladiator on July 11, 2023.
             Slain by a wight
             ... wielding a +0 spear
              (6 damage)
             ... on level 7 of the Dungeon.
             The game lasted 00:04:20 (3418 turns).

Demosthentine the Poker (Demonspawn Gladiator)      Turns: 3418, Time: 00:04:21

HP:   0/45 (48)     AC:  5    Str: 17    XL:     6   Next: 33%
MP:   6/6           EV: 13    Int: 15    God:
Gold: 103           SH:  0    Dex: 14    Spells: 5/5 levels left

rFire   . . .        a - +1 trident
rCold   + . .        (no shield)
rNeg    . . .        b - +0 leather armour
rPois   .            c - +0 helmet
rElec   .            (no cloak)
rCorr   .            (no gloves)
SInv    .            (no boots)
Will    .....        (no amulet)
Stlth   +            i - ring of protection from cold
HPRegen 0.27/turn    k - +6 ring of intelligence
MPRegen 0.10/turn

%: no passive effects
@: drained
A: demonic guardian 1, sharp scales 1, demonic touch 1
a: no special abilities


You were on level 7 of the Dungeon.
You visited 2 branches of the dungeon, and saw 6 of its levels.

You collected 103 gold pieces.

Inventory:

Hand Weapons
 a - a +1 trident (weapon)
Missiles
 d - 2 throwing nets (quivered)
 e - a javelin
Armour
 b - a +0 leather armour (worn)
 c - a +0 helmet (worn)
Jewellery
 i - a ring of protection from cold (left hand)
 k - a +6 ring of intelligence (right hand)
Wands
 j - a wand of acid (10)
 m - a wand of mindburst (8)
 q - a wand of polymorph (4)
Scrolls
 p - a scroll of fog
Potions
 f - a potion of curing
 g - a potion of mutation
 h - a potion of resistance {unknown}
 l - 3 potions of attraction {unknown}
 n - a potion of ambrosia {unknown}
 r - a potion of brilliance {unknown}


   Skills:
 + Level 3.7 Fighting
 + Level 4.0 Polearms
 - Level 1.7 Throwing
 + Level 2.7 Armour
 + Level 4.0 Dodging


You had 5 spell levels left.
You didn't know any spells.
Your spell library contained the following spells:

 Spells                   Type           Power      Damage    Failure   Level
 Magic Dart               Conj           0%         1d3       32%         1
 Searing Ray              Conj           0%         2d4       43%         2
 Gell's Gravitas          Tloc           0%         N/A       67%         3
 Teleport Other           Tloc           0%         N/A       67%         3
 Animate Dead             Necr           0%         N/A       97%         4
 Fulminant Prism          Conj/Hex       0%         3d5       97%         4
 Borgnjor's Vile Clutch   Necr/Erth      0%         N/A       100%        5
 Death Channel            Necr           0%         N/A       100%        6
 Dispersal                Tloc           0%         N/A       100%        6


Dungeon Overview and Level Annotations

Branches:
Dungeon (7/15)             Temple (1/1) D:7

Altars:
Cheibriados
Gozag
Makhleb
Nemelex Xobeh
Sif Muna
Vehumet
Wu Jian
Xom
Yredelemnul


Innate Abilities, Weirdness & Mutations

A weak demonic guardian rushes to your aid.
You are partially covered in razor-sharp scales. (AC +1, Slay +1)
Your touch may inflict minor irresistible damage on your foes.


Message History

You closely miss the wight.
The wight is moderately damaged.
The wight closely misses you. The wight barely misses you.
Unknown command.
Unknown command.
The wight attacks as you move away! The wight hits you with a +2 scimitar.
The sleepcap releases spores at you.
You are engulfed in a cloud of soporific spores!
You fall asleep.
The wight barely misses you.
The wight hits you from afar with a +0 spear!
You wake up.
The sleepcap misses you.
Unknown command.
The sleepcap attacks as you move away! The sleepcap releases spores at you.
The sleepcap attacks as you move away! The sleepcap barely misses you.
Unknown command.
Unknown command.
You feel better. The wight barely misses you. The wight closely misses you.
The wight attacks as you move away! The wight barely misses you.
Found a silvery potion.
You barely miss the wight.
You touch the wight!
The wight is severely damaged.
The wight hits you from afar with a +0 spear.
The wight barely misses you. The wight hits you with a +0 spear.
You feel drained.
You hit the wight.
The wight is severely damaged.
The wight misses you. The wight hits you with a +0 spear!
A demonic guardian appears!
You barely miss the wight.
The wight is severely damaged.
The wight hits you with a +0 spear!
* * * LOW HITPOINT WARNING * * *
A demonic guardian appears!
You feel drained.
* * * LOW HITPOINT WARNING * * *
The wight closely misses you.
Your white imp barely misses the wight.
You hit the wight.
You destroy the wight!
The wight barely misses you. The wight hits you with a +0 spear.
You die...

...#>#..............##
#.............).......
........[............. #
......#............... !.
......##.......##......#
....).#....#f.## ....#
.............## ..#
......#.......#####..##
..........##..fz@5....#
..####....#..#.##5....... ..#
##...#..##....##..## #..
#......# ....# ##
...#####.....#######
......#......#...........°....°#
........##..#.°○.............°#
....#...###.#........°........#
... ##......#........○°....○..#


You could see a sleepcap, a wight (ally target), a friendly white imp (summoned)
and a friendly ufetubus (summoned).

Vanquished Creatures
  3 wights (D:7)
  An orc priest (D:3)
  Ijyb (D:3)
  Terence (D:3)
  Robin (D:3)
  5 adders
  A shadow imp (D:7)
  A worm (D:2)
  3 dart slugs
  7 orcs
  9 bats
  4 endoplasms
  2 giant cockroaches
  14 goblins
  9 hobgoblins
  6 jackals
  3 kobolds
  A quokka (D:2)
  7 ball pythons
  4 frilled lizards
  5 rats
88 creatures vanquished.

Vanquished Creatures (collateral kills)
  A goblin (D:2)
1 creature vanquished.

Grand Total: 89 creatures vanquished

Notes
Turn   | Place    | Note
-------+----------+-------------------------------------------
     0 | D:1      | Demosthentine the Demonspawn Gladiator began the quest for
                  | the Orb.
     0 | D:1      | Reached XP level 1. HP: 16/16 MP: 1/1
   381 | D:1      | Gained mutation: You are partially covered in razor-sharp
                  | scales. (AC +1, Slay +1) [demonic ancestry]
   381 | D:1      | Reached XP level 2. HP: 22/22 MP: 2/2
  1021 | D:2      | Found a faded altar of an unknown god.
  1024 | D:2      | Reached skill level 1 in Armour
  1102 | D:2      | Gained mutation: A weak demonic guardian rushes to your
                  | aid. [demonic ancestry]
  1102 | D:2      | Reached XP level 3. HP: 22/28 MP: 3/3
  1429 | D:2      | Reached XP level 4. HP: 34/34 MP: 4/4
  2010 | D:3      | Noticed Robin
  2149 | D:3      | Noticed Terence
  2160 | D:2      | Reached XP level 5. HP: 24/41 MP: 5/5
  2304 | D:3      | Killed Terence
  2308 | D:3      | Killed Robin
  2344 | D:3      | Noticed Ijyb
  2436 | D:3      | Killed Ijyb
  2742 | D:3      | Found a sparkling altar of Nemelex Xobeh.
  3072 | D:4      | You fall into a shaft and drop 3 floors!
  3086 | D:7      | Noticed a sky beast
  3130 | D:7      | Gained mutation: Your touch may inflict minor irresistible
                  | damage on your foes. [demonic ancestry]
  3130 | D:7      | Reached XP level 6. HP: 6/47 MP: 6/6
  3304 | D:7      | Found a staircase to the Ecumenical Temple.
  3313 | Temple   | Entered the Ecumenical Temple
  3418 | D:7      | Slain by a wight

Illustrated notes

Levels and vault maps discovered:
D:1:      dpeg_arrival_another_circle, layout_loops_corners,
          chequers_decorated_corner
D:2:      layout_basic, hellmonk_ecumenical_altar_slurped_away,
          minmay_misc_feat_hallway
D:3:      layout_rooms, gammafunk_temple_overflow_wave, uniq_terence, uniq_ijyb,
          uniq_robin
D:4:      layout_loops_ring, nicolae_overflow_hidden_temple,
          grunt_ministairs_14, uniq_duvessa
D:7:      layout_cave_pools, lemuel_temple_firewalk_b
Temple:   nicolae_temple_ecumenical_triangle

Skill      XL: |  1  2  3  4  5  6 |
---------------+-------------------+-----
Polearms       | 3 4 |  4.0
Dodging        | 3 4 |  4.0
Armour         | 1 2 |  2.7
Fighting       | 3 |  3.7
Throwing       | |  1.7

Action                     |  1- 3 |  4- 6 || total
---------------------------+-------+-------++-------
  Melee: Trident           |    98 |   164 ||   262
         Punch             |       |     1 ||     1
         Unarmed           |       |    18 ||    18
         Touch             |       |     2 ||     2
  Throw: Throwing net      |       |     1 ||     1
    Use: Scroll            |     2 |     7 ||     9
         Potion            |       |     2 ||     2
   Stab: Sleeping          |     2 |       ||     2
         Distracted        |       |     1 ||     1
         Held in net/web   |       |     1 ||     1
 Armour: Leather armour    |    23 |    65 ||    88
  Dodge: Dodged            |    49 |   132 ||   181

Table legend: (Time is in decaauts)
 A = Elapsed time spent in this place.
 B = Non-inter-level travel time spent in this place.
 C = Inter-level travel time spent in this place.
 D = Time resting spent in this place.
 E = Time spent auto-exploring this place.
 F = Levels seen in this place.
 G = Mean time per level.
                   A        B        C        D        E       F      G
               +--------+--------+--------+--------+--------+-----+--------+
         Total |   3460 |   3332 |    128 |    342 |   2259 |   6 |  576.7 |
       Dungeon |   3416 |   3288 |    128 |    342 |   2228 |   5 |  683.2 |
        Temple |     43 |     43 |      0 |      0 |     31 |   1 |   43.0 |
               +--------+--------+--------+--------+--------+-----+--------+

Top non-repeatable levels by time:
     D:2: 1219 daAuts
     D:1: 957 daAuts
     D:3: 760 daAuts
     D:7: 304 daAuts
     D:4: 174 daAuts
  Temple: 43 daAuts
